 Dungeon Crawl Stone Soup version 0.28-a0-1510-gd0f6b136d3 (webtiles) character file.

Game seed: 993886346151372775

445 dolemite99 the Chopper (level 6, -9/47 HPs)
             Began as a Demonspawn Fighter on Jan 15, 2022.
             Was an Elder of Jiyva.
             Mangled by an orc warrior (17 damage)
             ... on level 5 of the Dungeon.
             The game lasted 00:04:20 (3786 turns).

dolemite99 the Chopper (Demonspawn Fighter)         Turns: 3786, Time: 00:04:21

Health: -9/47      AC: 15    Str: 18    XL:     6   Next: 72%
Magic:  6/6        EV: 15    Int: 10    God:    Jiyva [****..]
Gold:   64         SH:  4    Dex: 12    Spells: 5/5 levels left

rFire   . . .      SeeInvis .   a - +0 war axe
rCold   . . .      Faith    .   c - +0 buckler
rNeg    . . .      Spirit   .   o - +7 ring mail of Snakes and Ladders {Will+}
rPois   .          Reflect  .   (no helmet)
rElec   .          Harm     .   (no cloak)
rCorr   +          Rampage  .   (no gloves)
rMut    +                       k - +0 pair of boots
Will    +....                   (no amulet)
Stlth   +.........              (no ring)
HPRegen 1.43/turn               (no ring)
MPRegen 0.50/turn

@: agile
A: thin metallic scales 1, demonic guardian 3, powered by pain 1, mutation
resistance 3, jelly absorbing missiles
a: Renounce Religion, Oozemancy, Slimify


You were on level 5 of the Dungeon.
You worshipped Jiyva.
Jiyva was greatly pleased with you.
You visited 1 branch of the dungeon, and saw 5 of its levels.

You collected 64 gold pieces.

Inventory:

Hand Weapons
 a - a +0 war axe (weapon)
 m - a +0 flail of draining
Missiles
 d - 20 stones
 p - 4 poisoned darts (quivered)
Armour
 b - a +0 scale mail
 c - a +0 buckler (worn)
 k - a +0 pair of boots (worn)
 n - a +0 chain mail
 o - the +7 ring mail of Snakes and Ladders (worn) {Will+}
   (You found it on level 2 of the Dungeon)

   Will:      It increases your willpower.
 r - the +1 Delatra's gloves {ID++}
   (You found it on level 5 of the Dungeon)

   It heals its wearer when they drink unknown potions.
   It restores its wearer's MP when they read unknown scrolls.
Potions
 e - a potion of mutation {unknown}
 f - a potion of heal wounds
 g - a potion of lignification {unknown}
 h - a potion of cancellation {unknown}
 i - 3 potions of berserk rage {unknown}
 j - a potion of curing {unknown}
 l - a potion of flight {unknown}


   Skills:
 - Level 3.0 Fighting
 + Level 6.7 Axes
 - Level 2.6 Armour
 - Level 2.6 Shields


You had 5 spell levels left.
You didn't know any spells.
Your spell library was empty.

Dungeon Overview and Level Annotations

Branches:
Dungeon (5/15)             Temple (0/1) D:5

Altars:
Yredelemnul
Jiyva


Innate Abilities, Weirdness & Mutations

You are partially covered in thin metallic scales. (AC +2)
A powerful demonic guardian rushes to your aid.
You sometimes gain a little power by taking damage.
You are almost entirely resistant to further mutation and mutation removal.
You have a small jelly attached to you that may absorb projectiles.


Message History

An orc comes into view. It is wielding a +0 hand axe.
An orc is nearby!
An orc is nearby!
You barely miss the orc. The orc closely misses you.
You barely miss the orc. The orc hits you but does no damage.
You slash the orc!
You kill the orc!
An orc comes into view. It is wielding a +0 dagger.
The orc shouts!
Things that are here:
a +0 hand axe; a +0 scale mail; an orc corpse The orc completely misses you.
You slash the orc!
You kill the orc!
You see here a +0 dagger.
There is an open door here.
There is a broken door here.
You hear a distant slurping noise.
Found the +1 Delatra's gloves {ID++}.
The orc warrior shouts!
There is a broken door here.
The orc warrior hits you from afar with a +0 glaive.
The jelly misses the orc warrior.
The orc warrior closely misses you.
The jelly hits the orc warrior but does no damage.
You see here the +1 Delatra's gloves {ID++}.
r - the +1 Delatra's gloves {ID++} The orc warrior hits you from afar with a +0 glaive!
Okay, then.
As you read the scroll labelled ASO KUOT GUR, it crumbles to dust.
It is a scroll of identify.
f - a potion of heal wounds The orc warrior hits you from afar with a +0 glaive!
A demonic guardian appears!
You focus on the pain.
You feel agile all of a sudden.
The orc warrior hits you with a +0 glaive!
The orc warrior hits you with a +0 glaive!
* * * LOW HITPOINT WARNING * * *
Your soul eater hits the orc warrior!
The orc warrior hits you with a +0 glaive!
You die...

......# #...# #.##.#.# #.#
......# #... #..#.#.# #)#
.....## #... ##.#)#.# #.##
.....# ##'#### #...#.# #..#
.....# #.....# ##..#.# #.g'
.....# #.....#####.#.####.##
.##### ###.3...#.8.##........#
.# #.#..o..'....'.#####.##
.##########.#...@J#.8.##.# #.#
............#.....######.# #.#
............#.....#.# #.## #.#
............####'##.####..####.#
........J.....#...#.'........#.#
..............#...#.#####..#.#.#
......J.......#...#.# #.# #
..............#####.# ...
....................# #..#


You could see an orc warrior (ally target), a neutral jelly (wandering)(fellow
slime) and a friendly soul eater (summoned).

Vanquished Creatures
  A phantom (D:3)
  2 orc priests (D:3)
  A gnoll shaman (D:5)
  An orc wizard (D:5)
  Terence (D:2)
  Natasha (D:2)
  3 adders
  4 gnolls
  2 worms
  5 orcs
  2 bats (D:1)
  An endoplasm (D:1)
  2 goblins (D:1)
  5 hobgoblins
  3 kobolds
  4 quokkas
  2 ball pythons (D:1)
  7 frilled lizards
  A rat (D:1)
48 creatures vanquished.

Vanquished Creatures (collateral kills)
  An orc warrior (D:5)
  Natasha (D:2)
  An adder (D:5)
  2 orcs (D:5)
5 creatures vanquished.

Vanquished Creatures (others)
  2 ogres
  A centaur zombie (D:5)
  2 hounds
  14 jellies
  A gnoll shaman (D:5)
  A centaur skeleton (D:5)
  Natasha (D:2)
  2 orc wizards (D:5)
  A hound skeleton (D:5)
  4 adders
  10 gnolls
  4 dart slugs
  6 orcs
  3 endoplasms
  A giant cockroach (D:1)
  2 goblins
  2 hobgoblins
  4 jackals (D:1)
  A quokka (D:1)
  2 ball pythons (D:4)
  4 bats
  4 kobolds
  A rat (D:2)
  10 plants
83 creatures vanquished.

Grand Total: 136 creatures vanquished

Notes
Turn   | Place    | Note
-------+----------+-------------------------------------------
     0 | D:1      | dolemite99 the Demonspawn Fighter began the quest for the
                  | Orb.
     0 | D:1      | Reached XP level 1. HP: 18/18 MP: 1/1
    24 | D:1      | Reached skill level 2 in Axes
   290 | D:1      | Gained mutation: You sometimes gain a little power by
                  | taking damage. [demonic ancestry]
   290 | D:1      | Reached XP level 2. HP: 22/24 MP: 2/2
   360 | D:1      | Found a faded altar of an unknown god.
   368 | D:1      | Prayed at the altar of an unknown god.
   368 | D:1      | Became a worshipper of Jiyva Jeynle the Shapeless
   368 | D:1      | Reached * piety under Jiyva
   911 | D:2      | Noticed Natasha
   918 | D:2      | Killed Natasha
   919 | D:2      | Reached skill level 3 in Axes
   919 | D:2      | Gained mutation: A weak demonic guardian rushes to your
                  | aid. [demonic ancestry]
   919 | D:2      | Reached XP level 3. HP: 29/29 MP: 3/3
  1047 | D:2      | Reached ** piety under Jiyva
  1047 | D:2      | Noticed Terence
  1053 | D:2      | Killed Terence
  1054 | D:2      | Reached skill level 4 in Axes
  1054 | D:2      | Gained mutation: A demonic guardian rushes to your aid.
                  | [demonic ancestry]
  1054 | D:2      | Reached XP level 4. HP: 35/35 MP: 4/4
  1267 | D:2      | Killed Natasha
  1277 | D:2      | Noticed Natasha
  1287 | D:2      | Killed Natasha
  1494 | D:2      | Identified the +7 ring mail of Snakes and Ladders {Will+}
  1510 | D:2      | Identified the +1 robe "Cunyaciq" {Rampage +Inv Fly}
  1617 | D:2      | Found a basalt altar of Yredelemnul.
  1979 | D:3      | Noticed a phantom
  1985 | D:3      | Killed a phantom
  1986 | D:3      | Reached skill level 5 in Axes
  1986 | D:3      | Gained mutation: A powerful demonic guardian rushes to your
                  | aid. [demonic ancestry]
  1986 | D:3      | Reached XP level 5. HP: 29/41 MP: 5/5
  2024 | D:3      | Reached *** piety under Jiyva
  2638 | D:4      | Noticed an ogre
  2669 | D:5      | Entered Level 5 of the Dungeon
  2765 | D:5      | Noticed an orc warrior
  2768 | D:5      | Gained mutation: You are partially covered in thin metallic
                  | scales. (AC +2) [demonic ancestry]
  2768 | D:5      | Reached XP level 6. HP: 34/47 MP: 6/6
  2771 | D:5      | Killed an orc warrior
  2772 | D:5      | Reached skill level 6 in Axes
  2948 | D:5      | Noticed an orc warrior
  3114 | D:4      | Gained mutation: You are somewhat resistant to further
                  | mutation. [Jiyva's grace]
  3114 | D:4      | Gained mutation: You are somewhat resistant to both further
                  | mutation and mutation removal. [Jiyva's grace]
  3114 | D:4      | Gained mutation: You are almost entirely resistant to
                  | further mutation and mutation removal. [Jiyva's grace]
  3114 | D:4      | Gained mutation: You have a small jelly attached to you
                  | that may absorb projectiles. [Jiyva's grace]
  3493 | D:5      | Reached **** piety under Jiyva
  3671 | D:5      | Found a staircase to the Ecumenical Temple.
  3774 | D:5      | Found the +1 Delatra's gloves {ID++}
  3786 | D:5      | Mangled by an orc warrior

Illustrated notes

Levels and vault maps discovered:
D:1:      heliophobic_arrival_ceremonial_halls, layout_basic,
          basic_ecumenical_altar, hangedman_decor_points
D:2:      cheibrodos_old_hovel, layout_basic, serial_glass, glass_columns_c,
          glass_columns_a, glass_columns_a, glass_columns_a, glass_columns_a,
          glass_columns_a, glass_columns_c, glass_columns_a, basic_altar,
          minmay_fountain_box, minmay_nonomino_d4, uniq_terence, uniq_natasha
D:3:      layout_loops_ring, minmay_lizard_king
D:4:      layout_rooms
D:5:      layout_basic, minmay_temple_entry_antechambers, grunt_ministairs_7,
          pf_guarded_unrand_delatra

Skill      XL: |  1  2  3  4  5  6 |
---------------+-------------------+-----
Axes           | 2 3 4 5 6 |  6.7
Fighting       | |  3.0
Armour         | |  2.6
Shields        | |  2.6

Action                   |  1- 3 |  4- 6 || total
-------------------------+-------+-------++-------
Melee: War axe           |    50 |   117 ||   167
  Use: Potion            |       |     1 ||     1
       Scroll            |       |     3 ||     3
Armor: Scale mail        |    25 |       ||    25
       Ring mail         |       |    50 ||    50
       Chain mail        |       |     8 ||     8
Dodge: Dodged            |    32 |    54 ||    86
Block: Buckler           |    11 |    27 ||    38

Table legend: (Time is in decaauts)
 A = Elapsed time spent in this place.
 B = Non-inter-level travel time spent in this place.
 C = Inter-level travel time spent in this place.
 D = Time resting spent in this place.
 E = Time spent auto-exploring this place.
 F = Levels seen in this place.
 G = Mean time per level.
                   A        B        C        D        E       F      G
               +--------+--------+--------+--------+--------+-----+--------+
         Total |   3838 |   3724 |    114 |    382 |   2601 |   5 |  767.6 |
       Dungeon |   3838 |   3724 |    114 |    382 |   2601 |   5 |  767.6 |
               +--------+--------+--------+--------+--------+-----+--------+

Top non-repeatable levels by time:
     D:2: 882 daAuts
     D:1: 871 daAuts
     D:3: 802 daAuts
     D:5: 727 daAuts
     D:4: 554 daAuts
